 Dungeon Crawl Stone Soup version 0.29.0-4-gdea44cf6ec (webtiles) character file.

Game seed: 10622321019768288511

690 qw the Chopper (level 7, -21/44 HPs)
             Began as a Gargoyle Delver on Sept 10, 2022.
             Was a Follower of Okawaru.
             Demolished by a two-headed ogre
             ... wielding a +0 giant club
              (23 damage)
             ... on level 5 of the Dungeon.
             The game lasted 00:01:47 (5590 turns).

qw the Chopper (Gargoyle Delver)                    Turns: 5590, Time: 00:01:47

Health: -21/44     AC: 12    Str: 17    XL:     7   Next: 63%
Magic:  6/8        EV:  8    Int: 16    God:    Okawaru [*.....]
Gold:   242        SH:  5    Dex: 11    Spells: 6/6 levels left

rFire   . . .      SeeInvis .   a - +5 war axe "Wukeocig" {venom, *Corrode Int+5}
rCold   . . .      Faith    .   e - +0 buckler
rNeg    + . .      Spirit   .   d - +0 chain mail
rPois   inf        Reflect  .   (no helmet)
rElec   +          Harm     .   (no cloak)
rCorr   .          Rampage  .   j - +0 pair of gloves
Will    .....                   (no boots)
Stlth   +.........              (no amulet)
HPRegen 0.14/turn               (no ring)
MPRegen 0.11/turn               (no ring)

@: heroic, corroded
A: sickness immunity, AC +4, negative energy resistance 1, electricity
resistance, torment resistance 1, petrification resistance
a: Renounce Religion, Heroism


You were on level 5 of the Dungeon.
You worshipped Okawaru.
Okawaru was aware of your devotion.
You visited 2 branches of the dungeon, and saw 7 of its levels.

You collected 242 gold pieces.


Innate Abilities, Weirdness & Mutations

You are immune to sickness and miasma.
Your stone body is resilient. (AC +4)
You are immune to poison.
You resist negative energy. (rN+)
You are resistant to electric shocks. (rElec)
You are resistant to unholy torment.
You are immune to petrification.


   Skills:
 - Level 4.6(9.6) Fighting
 + Level 5.8(10.8) Axes
 - Level 2.6(7.6) Armour
 - Level 1.5(6.5) Dodging
 - Level 5.4(10.4) Stealth
 - Level 2.0(7.0) Shields
 + Level 2.6 Invocations


You had 6 spell levels left.
You didn't know any spells.
Your spell library was empty.

Inventory:

Hand Weapons
 a - the +5 war axe "Wukeocig" (weapon) {venom, *Corrode Int+5}
   (You found it on level 5 of the Dungeon)

   It poisons the flesh of those it strikes.
   Int:       It affects your intelligence (+5).
   *Corrode:  It may corrode you when you take damage.
 m - a +0 flail
Armour
 d - a +0 chain mail (worn)
 e - a +0 buckler (worn)
 j - a +0 pair of gloves (worn)
Wands
 g - a wand of digging (3)
Scrolls
 c - a scroll of identify
Potions
 b - a potion of curing
 f - 3 potions of haste
 i - 2 potions of mutation
 k - a potion of magic {unknown}
 l - a potion of might {unknown}
 n - a potion of attraction {unknown}
 o - a potion of heal wounds {unknown}

Dungeon Overview and Level Annotations

Branches:
Dungeon (6/15)             Temple (1/1) D:4

Altars:
Cheibriados
Dithmenos
Elyvilon
Fedhas
Hepliaklqana
Kikubaaqudgha
Makhleb
Nemelex Xobeh
Okawaru
Qazlal
Ru
Sif Muna
Uskayaw
Vehumet
Wu Jian
Yredelemnul
Zin


Message History

Things that are here:
a scroll of fear; a scroll of magic mapping; a scroll of fog You climb downwards.
The orc shouts!
The two-headed ogre shouts in stereo!
You hear a shout! x3
There is a stone staircase leading up here.
There are monsters nearby!
Existing waypoints: (1) D:4 (2) D:5 Assign waypoint to what number? (0-9, D - delete waypoint) Waypoint 1 re-assigned from D:4 to D:6.
Enter note:
5584 ||| STAIRDANCE The two-headed ogre hits you with a +0 giant club!
The two-headed ogre hits you with a +0 giant spiked club!
You climb upwards.
There is a stone staircase leading down here.
Things that are here:
a scroll of fear; a scroll of magic mapping; a scroll of fog
5586 ||| INVOKING Heroism.
You gain the combat prowess of a mighty hero.
You hit the two-headed ogre.
The two-headed ogre is poisoned.
The two-headed ogre is lightly wounded.
The two-headed ogre hits you with a +0 giant club.
The two-headed ogre hits you with a +0 giant spiked club.
You hit the two-headed ogre but do no damage.
The two-headed ogre looks as sick as possible!
The two-headed ogre is lightly wounded.
You slash the two-headed ogre!
The two-headed ogre looks as sick as possible!
The two-headed ogre is moderately wounded.
The two-headed ogre hits you with a +0 giant club!
Your corrosive artefact corrodes you!
The two-headed ogre hits you with a +0 giant spiked club.
You hit the two-headed ogre.
The two-headed ogre looks as sick as possible!
The two-headed ogre is heavily wounded.
You block the two-headed ogre's attack.
The two-headed ogre hits you with a +0 giant spiked club!!
Ouch! That really hurt!
You die...

#.....#....# #.....#....# #
###....#...###### ##
.##'####...##...## #.
.##...##.........# #.
......#..........# #.
......#.........########## #.
.##...#..>......##.......# #.
.##...#.........@........########
......#........O......<.##.....##
.#######...##......)....#......##
.##...##...##...........#.......+
.##....#...#............#.......#
###...)#...#............##......#
.#.....#...#....#####.#'##.....##
.'.....#...#.....###....##.....##
.#.....'...#.....(#......#.[...##


You could see a two-headed ogre (extremely poisoned).

Vanquished Creatures
  2 ogres (D:5)
  2 scorpions (D:5)
  A howler monkey (D:5)
  2 orc priests (D:5)
  2 hounds
  An iguana (D:5)
  An orc wizard (D:5)
  5 gnolls
  7 adders
  2 worms
  4 dart slugs
  12 orcs
  6 endoplasms
  2 giant cockroaches
  4 goblins
  2 hobgoblins
  4 jackals (D:3)
  7 kobolds
  4 quokkas
  9 ball pythons
  3 bats
  2 frilled lizards
  4 rats
88 creatures vanquished.

Notes
Turn   | Place    | Note
-------+----------+-------------------------------------------
     0 | D:5      | qw the Gargoyle Delver began the quest for the Orb.
     0 | D:5      | Reached XP level 1. HP: 14/14 MP: 1/1
     0 | D:5      | 0 ||| qw: Version: 0.1-a-116-g5d60599
     0 | D:5      | 0 ||| qw: Game counter: 8319
     0 | D:5      | 0 ||| qw: Always use a shield: true
     0 | D:5      | 0 ||| qw: God list: Okawaru
     0 | D:5      | 0 ||| qw: Allow faded altars: false
     0 | D:5      | 0 ||| qw: Do Orc after D:15 true
     0 | D:5      | 0 ||| qw: Do second Lair branch before Depths: true
     0 | D:5      | 0 ||| qw: Lair rune preference: random
     0 | D:5      | 0 ||| qw: Plans: Normal
     0 | D:5      | 0 ||| PLANNING D:1-11
     0 | D:5      | 0 ||| DROPPING scroll of fog.
     1 | D:5      | 1 ||| DROPPING scroll of magic mapping.
     2 | D:5      | 2 ||| DROPPING scroll of fear.
   303 | D:4      | Found a staircase to the Ecumenical Temple.
   304 | D:4      | 304 ||| PLANNING TEMPLE
   304 | D:4      | 304 ||| UPGRADING to +0 chain mail.
   314 | D:4      | 314 ||| DROPPING +0 leather armour.
   323 | Temple   | Entered the Ecumenical Temple
   392 | Temple   | 392 ||| PLANNING D:1-11
   414 | Temple   | Became a worshipper of Warmaster Okawaru
   477 | D:4      | Noticed a hound
   492 | D:4      | HP: 1/14 [hound (4)]
   494 | D:4      | Killed a hound
   495 | D:4      | Reached XP level 2. HP: 2/19 MP: 2/2
   495 | D:4      | Reached XP level 3. HP: 3/23 MP: 3/3
   789 | D:4      | 789 ||| DROPPING +0 club.
   811 | D:3      | 811 ||| Stepping ~*~*~tactically~*~*~ (stealth).
   883 | D:3      | 883 ||| SWAPPING to +0 war axe.
   890 | D:3      | 890 ||| DROPPING +0 hand axe.
   906 | D:3      | Reached XP level 4. HP: 28/28 MP: 4/4
   915 | D:3      | Reached skill level 3 in Axes
  1089 | D:1      | 1089 ||| Stepping randomly (stuck).
  1091 | D:1      | 1091 ||| Stepping randomly (stuck).
  1220 | D:1      | Found a faded altar of an unknown god.
  1411 | D:1      | 1411 ||| UPGRADING to +0 buckler.
  1416 | D:1      | 1416 ||| Stepping randomly (stuck).
  1417 | D:1      | 1417 ||| Stepping randomly (stuck).
  1419 | D:1      | 1419 ||| Stepping randomly (stuck).
  1420 | D:1      | 1420 ||| Stepping randomly (stuck).
  1421 | D:1      | 1421 ||| Stepping randomly (stuck).
  1422 | D:1      | 1422 ||| Stepping randomly (stuck).
  1423 | D:1      | 1423 ||| Stepping randomly (stuck).
  1424 | D:1      | 1424 ||| Stepping randomly (stuck).
  1425 | D:1      | 1425 ||| Stepping randomly (stuck).
  1426 | D:1      | 1426 ||| Stepping randomly (stuck).
  1427 | D:1      | 1427 ||| Stepping randomly (stuck).
  1428 | D:1      | 1428 ||| Stepping randomly (stuck).
  1429 | D:1      | 1429 ||| Stepping randomly (stuck).
  1430 | D:1      | 1430 ||| Stepping randomly (stuck).
  1431 | D:1      | 1431 ||| Stepping randomly (stuck).
  1432 | D:1      | 1432 ||| Stepping randomly (stuck).
  1433 | D:1      | 1433 ||| Stepping randomly (stuck).
  1434 | D:1      | 1434 ||| Stepping randomly (stuck).
  1435 | D:1      | 1435 ||| Stepping randomly (stuck).
  1436 | D:1      | 1436 ||| Stepping randomly (stuck).
  1437 | D:1      | 1437 ||| Stepping randomly (stuck).
  1438 | D:1      | 1438 ||| Stepping randomly (stuck).
  1439 | D:1      | 1439 ||| Stepping randomly (stuck).
  1441 | D:1      | 1441 ||| Stepping randomly (stuck).
  1442 | D:1      | 1442 ||| Stepping randomly (stuck).
  1443 | D:1      | 1443 ||| Stepping randomly (stuck).
  1444 | D:1      | 1444 ||| Stepping randomly (stuck).
  1452 | D:1      | 1452 ||| Stepping randomly (stuck).
  1453 | D:1      | 1453 ||| Stepping randomly (stuck).
  1454 | D:1      | 1454 ||| Stepping randomly (stuck).
  1455 | D:1      | 1455 ||| Stepping randomly (stuck).
  1456 | D:1      | 1456 ||| Stepping randomly (stuck).
  1457 | D:1      | 1457 ||| Stepping randomly (stuck).
  1458 | D:1      | 1458 ||| Stepping randomly (stuck).
  1459 | D:1      | 1459 ||| Stepping randomly (stuck).
  1460 | D:1      | 1460 ||| Stepping randomly (stuck).
  1461 | D:1      | 1461 ||| Stepping randomly (stuck).
  1462 | D:1      | 1462 ||| Stepping randomly (stuck).
  1463 | D:1      | 1463 ||| Stepping randomly (stuck).
  1465 | D:1      | 1465 ||| Stepping randomly (stuck).
  1676 | D:1      | Reached skill level 1 in Shields
  2031 | D:1      | 2031 ||| DROPPING +0 mace.
  2160 | D:1      | 2160 ||| READING 2 scrolls labelled YSUTEN KIPLINIL.
  2198 | D:2      | 2198 ||| Stepping ~*~*~tactically~*~*~ (hiding).
  2207 | D:2      | 2207 ||| FLEEEEING.
  2208 | D:2      | 2208 ||| FLEEEEING.
  2209 | D:2      | 2209 ||| FLEEEEING.
  2210 | D:2      | 2210 ||| FLEEEEING.
  2242 | D:2      | 2242 ||| FLEEEEING.
  2243 | D:2      | 2243 ||| FLEEEEING.
  2252 | D:2      | 2252 ||| Stepping ~*~*~tactically~*~*~ (stealth).
  2583 | D:2      | Reached XP level 5. HP: 32/32 MP: 5/5
  2605 | D:2      | 2605 ||| Stepping ~*~*~tactically~*~*~ (stealth).
  3080 | D:2      | 3080 ||| Stepping ~*~*~tactically~*~*~ (stealth).
  3081 | D:2      | 3081 ||| Stepping ~*~*~tactically~*~*~ (stealth).
  3237 | D:2      | 3237 ||| READING scroll labelled JAMEYP FUYPLET.
  3238 | D:2      | 3238 ||| READING scroll labelled KIOCLI UDDIXOSCH.
  3241 | D:2      | 3241 ||| READING scroll labelled TEEQUM KIRA.
  3410 | D:3      | Found a sparkling altar of Nemelex Xobeh.
  3702 | D:3      | 3702 ||| READING 2 scrolls of identify.
  3702 | D:3      | 3702 ||| IDENTIFYING fuming inky potion
  3703 | D:3      | 3703 ||| DROPPING potion of flight.
  3784 | D:4      | 3784 ||| Stepping ~*~*~tactically~*~*~ (stealth).
  3896 | D:4      | 3896 ||| Stepping ~*~*~tactically~*~*~ (stealth).
  3898 | D:4      | 3898 ||| Stepping ~*~*~tactically~*~*~ (stealth).
  4123 | D:4      | 4123 ||| DRINKING 2 bubbling ruby potions.
  4124 | D:4      | 4124 ||| READING 3 scrolls of identify.
  4124 | D:4      | 4124 ||| IDENTIFYING viscous black potion
  4125 | D:4      | 4125 ||| READING 2 scrolls of identify.
  4125 | D:4      | 4125 ||| IDENTIFYING fuming sapphire potion
  4126 | D:4      | 4126 ||| DROPPING potion of berserk rage.
  4191 | D:5      | Reached XP level 6. HP: 29/37 MP: 6/6
  4285 | D:5      | HP: 2/37 [ogre/+0 giant club (22)]
  4585 | D:5      | Identified the +5 war axe "Wukeocig" {venom, *Corrode
                  | Int+5}
  4587 | D:5      | 4587 ||| SWAPPING to +5 war axe "Wukeocig" {venom, *Corrode
                  | Int+5}.
  4588 | D:5      | 4588 ||| DROPPING +0 war axe.
  4638 | D:5      | HP: 5/38 [ogre/+0 giant club (11)]
  4639 | D:5      | Reached * piety under Okawaru
  4640 | D:5      | Reached XP level 7. HP: 6/44 MP: 7/7
  4948 | D:5      | Found an ornate altar of the Wu Jian Council.
  4997 | D:5      | Found a glowing silver altar of Zin.
  5128 | D:5      | 5128 ||| INVOKING Heroism.
  5129 | D:5      | 5129 ||| INVOKING Heroism.
  5133 | D:5      | Reached skill level 1 in Invocations
  5140 | D:5      | 5140 ||| INVOKING Heroism.
  5528 | D:5      | 5528 ||| UPGRADING to +0 pair of gloves.
  5533 | D:5      | 5533 ||| READING scroll labelled QEXTOZ UGYCU.
  5583 | D:6      | Noticed a two-headed ogre
  5584 | D:6      | 5584 ||| STAIRDANCE
  5586 | D:5      | 5586 ||| INVOKING Heroism.
  5589 | D:5      | HP: 8/44 [two-headed ogre/+0 giant club (7)]
  5589 | D:5      | HP: 2/44 [two-headed ogre/+0 giant club (6)]
  5590 | D:5      | Demolished by a two-headed ogre

Levels and vault maps discovered:
D:1:      lemuel_arrival_hallway, layout_basic,
          dreamdust_ecumenical_altar_grove, serial_co_window_serial,
          co_window_paths_a, co_window_corner_a, co_window_corner_a,
          co_window_corner_a, co_window_of_opportunity_a, co_window_paths_b,
          co_window_paths_a, co_window_unsneaky_path_d, co_window_2corner,
          co_window_corner_b, co_window_broadway_a, co_window_broadway_c,
          co_window_corner_b, co_window_paths_e, glass_columns_a,
          glass_columns_c, glass_columns_b
D:2:      layout_loops_corners
D:3:      layout_basic, nemelex_dance_club_becter
D:4:      layout_rooms, minmay_temple_entry_poolview
D:5:      layout_gridville, jmf_multi_god_temple, mrwooster_statue_mirror
D:6:      minmay_cornered_nines, layout_cave_pools
Temple:   jpeg_temple_clearing

Skill      XL: |  1  2  3  4  5  6  7 |
---------------+----------------------+-----
Axes           | 2 3 4 5 |  5.8
Armour         | 2 |  2.6
Shields        | 1 2 |  2.0
Fighting       | 4 |  4.6
Invocations    | 2 |  2.6
Dodging        | |  1.5
Stealth        | |  5.4

Action                   |  1- 3 |  4- 6 |  7- 9 || total
-------------------------+-------+-------+-------++-------
Melee: Hand axe          |    35 |       |       ||    35
       War axe           |     2 |   196 |    29 ||   227
Throw: Boomerang         |       |    47 |       ||    47
Invok: Heroism           |       |       |     3 ||     3
  Use: Scroll            |       |     7 |     1 ||     8
       Potion            |       |     1 |       ||     1
 Stab: Sleeping          |     1 |       |       ||     1
Armor: Chain mail        |    18 |   131 |     8 ||   157
       Leather armour    |     3 |       |       ||     3
Dodge: Dodged            |    13 |    69 |     4 ||    86
Block: Buckler           |       |    29 |     3 ||    32

Table legend:
 A = Non-vault XP
 B = Vault XP
 C = Vault XP percentage of total XP
 D = Non-vault monster count
 E = Vault monster count
 F = Vault count percentage of total count
                 A         B        C        D         E       F
            +---------+---------+-------+---------+---------+-------
      Total |     933 |      53 |   5.4 |      84 |       4 |   4.5
            +---------+---------+-------+---------+---------+-------
        D:1 |      41 |       0 |   0.0 |      17 |       0 |   0.0
        D:2 |      65 |       0 |   0.0 |      24 |       0 |   0.0
        D:3 |      65 |       5 |   7.1 |      14 |       2 |  12.5
        D:4 |     121 |       0 |   0.0 |      15 |       0 |   0.0
        D:5 |     641 |      48 |   7.0 |      14 |       2 |  12.5
            +---------+---------+-------+---------+---------+-------
